 Dungeon Crawl Stone Soup version 0.31-a0-846-gb3bcc0d938 (webtiles) character file.

Game seed: 12958520110948540543

29 gruber the Chiller (level 3, -1/24 HPs)
             Began as a Demonspawn Ice Elementalist on Oct 3, 2023.
             Slain by a quokka (3 damage)
             ... on level 2 of the Dungeon.
             The game lasted 00:01:26 (1182 turns).

gruber the Chiller (Demonspawn Ice Elementalist)    Turns: 1182, Time: 00:01:26

Health: -1/24      AC:  2    Str:  8    XL:     3   Next: 1%
Magic:  0/6        EV: 12    Int: 18    God:
Gold:   68         SH:  0    Dex: 13    Spells: 5/6 levels left

rFire   . . .        (no weapon)
rCold   . . .        (no shield)
rNeg    . . .        a - +0 robe
rPois   .            (no helmet)
rElec   .            (no cloak)
rCorr   .            (no gloves)
SInv    .            (no boots)
Will    .....        (no amulet)
Stlth   ++           (no ring)
HPRegen 0.24/turn    (no ring)
MPRegen 0.10/turn

%: no passive effects
@: no status effects
A: demonic touch 1
a: no special abilities


You were on level 2 of the Dungeon.
You visited 1 branch of the dungeon, and saw 2 of its levels.

You collected 68 gold pieces.

Inventory:

Armour
 a - a +0 robe (worn)
Scrolls
 c - 4 scrolls of identify {unknown}
 d - a scroll of enchant armour {unknown}
 f - a scroll of enchant weapon {unknown}
 g - a scroll of vulnerability {unknown}
Potions
 b - a potion of magic
 e - 2 potions of enlightenment {unknown}


   Skills:
 - Level 1.7 Dodging
 - Level 1.7 Stealth
 - Level 2.0 Spellcasting
 + Level 4.5 Ice Magic


You had 5 spell levels left.
You knew the following spells:

 Your Spells              Type           Power      Damage    Failure   Level
a - Freeze                Ice            72%        1d8       2%          1

Your spell library contained the following spells:

 Spells                   Type           Power      Damage    Failure   Level
 Frozen Ramparts          Ice            36%        1d6       9%          3
 Ozocubu's Armour         Ice            18%        N/A       9%          3
 Volatile Blastmotes      Fire/Tloc      2%         2d10      47%         3
 Summon Ice Beast         Ice/Summ       10%        N/A       56%         4
 Fulminant Prism          Conj/Hex       0%         3d5       87%         4
 Iskenderun's Mystic Bla  Conj/Tloc      1%         2d3       87%         4


Dungeon Overview and Level Annotations

Branches:
Dungeon (2/15)

Altars:

Shops:
D:1 =


Innate Abilities, Weirdness & Mutations

Your touch may inflict minor irresistible damage on your foes.


Message History

Aim: a giant cockroach (severely wounded)
You freeze the giant cockroach.
You kill the giant cockroach!
Casting: Freeze (safe; 3% risk of failure)
Confirm with . or Enter, or press ? or * to list all spells.
Aiming: Freeze (safe; 3% risk of failure)
Press: ? - help, Shift-Dir - straight line, f - goblin
Aim: a goblin, wielding a +0 dagger You freeze the goblin.
You kill the goblin!
You have reached level 3!
Your experience leads to an increase in your attributes!
Increase (S)trength, (I)ntelligence, or (D)exterity?
You feel clever. x2
Casting: Freeze (safe; 2% risk of failure)
Confirm with . or Enter, or press ? or * to list all spells.
You don't have enough magic to cast this spell.
Unknown command.
Unknown command.
You hit the quokka but do no damage. The quokka barely misses you.
The quokka closely misses you.
You closely miss the quokka. The quokka misses you.
You closely miss the quokka. The quokka closely misses you.
You hit the quokka but do no damage. The quokka bites you.
* * * LOW HITPOINT WARNING * * *
You hit the quokka but do no damage. The quokka barely misses you.
You hit the quokka but do no damage. Your touch misses the quokka.
The quokka bites you.
* * * LOW HITPOINT WARNING * * *
The quokka bites you.
* * * LOW HITPOINT WARNING * * *
You hit the quokka.
The quokka is lightly wounded.
The quokka bites you.
* * * LOW HITPOINT WARNING * * *
Unknown command.
You hit the quokka.
The quokka is heavily wounded.
The quokka bites you.
You die...

####..... .........
#.. .........#. .!.#
........##.# #...
........##.# ..#
........##?# ..# #
........##.# #.##...
.......@##.##.......
#######r##..<..#
#J##..###....#
####.............
#....?†.##....##.
#..........##..##
###......### .B#
#........ ...
######.### ..#


You could see an endoplasm and a quokka.

Vanquished Creatures
  A gnoll (D:1)
  2 dart slugs (D:1)
  2 bats
  3 endoplasms (D:1)
  A giant cockroach (D:2)
  A goblin (D:2)
  A hobgoblin (D:1)
  A quokka (D:1)
  2 frilled lizards (D:1)
  A rat (D:1)
15 creatures vanquished.

Notes
Turn   | Place    | Note
-------+----------+-------------------------------------------
     0 | D:1      | gruber the Demonspawn Ice Elementalist began the quest for
                  | the Orb.
     0 | D:1      | Reached XP level 1. HP: 13/13 MP: 3/3
   289 | D:1      | Reached skill level 4 in Ice Magic
   354 | D:1      | Gained mutation: Your touch may inflict minor irresistible
                  | damage on your foes. [demonic ancestry]
   354 | D:1      | Reached XP level 2. HP: 7/19 MP: 0/5
   848 | D:1      | Found Nosuofalu's Jewellery Emporium.
  1175 | D:2      | Reached XP level 3. HP: 7/24 MP: 0/6
  1182 | D:2      | Slain by a quokka

Illustrated notes

Levels and vault maps discovered:
D:1:      dpeg_arrival_rhombi, layout_basic, serial_shops,
          nicolae_shop_real_fake_doors, minivault_23, nicolae_grassy_gnolls
D:2:      layout_rooms, minmay_worlds_worst_comb

Skill      XL: |  1 |
---------------+----+-----
Ice Magic      | 4 |  4.5
Dodging        | |  1.7
Stealth        | |  1.7
Spellcasting   | |  2.0

Action                     || total
---------------------------++-------
  Melee: Unarmed           ||    19
         Touch             ||     1
   Cast: Freeze            ||    24
 Armour: Robe              ||    28
  Dodge: Dodged            ||    22

Table legend: (Time is in decaauts)
 A = Elapsed time spent in this place.
 B = Non-inter-level travel time spent in this place.
 C = Inter-level travel time spent in this place.
 D = Time resting spent in this place.
 E = Time spent auto-exploring this place.
 F = Levels seen in this place.
 G = Mean time per level.
                   A        B        C        D        E       F      G
               +--------+--------+--------+--------+--------+-----+--------+
         Total |   1181 |   1173 |      8 |      0 |   1045 |   2 |  590.5 |
       Dungeon |   1181 |   1173 |      8 |      0 |   1045 |   2 |  590.5 |
               +--------+--------+--------+--------+--------+-----+--------+

Top non-repeatable levels by time:
     D:1: 1160 daAuts
     D:2: 21 daAuts
